 Dungeon Crawl Stone Soup version 0.30-a0-1016-gfb0d676c02 (webtiles) character file.

Game seed: 10413061954550681025

1122 Maxmaps the Trooper (level 8, -18/68 HPs)
             Began as a Demonspawn Monk on Apr 7, 2023.
             Demolished by an ogre
             ... wielding a +0 giant club
              (24 damage)
             ... on level 5 of the Dungeon.
             The game lasted 00:07:42 (4057 turns).

Maxmaps the Trooper (Demonspawn Monk)               Turns: 4057, Time: 00:07:43

Health: -18/68     AC: 10    Str: 13    XL:     8   Next: 12%
Magic:  0/8        EV: 12    Int: 13    God:
Gold:   229        SH:  0    Dex: 15    Spells: 7/7 levels left

rFire   . . .      SeeInvis .    b - +2 great sword
rCold   . . .      Faith    .    (shield currently unavailable)
rNeg    . . .      Spirit   +    r - +0 ring mail
rPois   .          Reflect  .    (no helmet)
rElec   .          Rampage  .    o - +0 cloak
rCorr   .                        (no gloves)
Will    +....                    l - +2 pair of boots
Stlth   ++                       k - amulet of guardian spirit
HPRegen 0.31/turn                n - +4 ring of protection
MPRegen 0.11/turn                s - ring of willpower

@: no status effects
A: powered by death 1, sturdy frame 2, weakness stinger 2, deformed body
a: no special abilities


You were on level 5 of the Dungeon.
You visited 1 branch of the dungeon, and saw 5 of its levels.
You also visited: Sewer.

You collected 229 gold pieces.

Inventory:

Hand Weapons
 b - a +2 great sword (weapon)
Armour
 l - a +2 pair of boots (worn)
 o - a +0 cloak (worn)
 r - a +0 ring mail (worn)
Jewellery
 k - an amulet of guardian spirit (around neck)
 n - a +4 ring of protection (left hand)
 p - a ring of ice
 s - a ring of willpower (right hand)
Wands
 a - a wand of flame (22)
Scrolls
 c - 2 scrolls of enchant weapon
 d - 3 scrolls of torment
 g - 3 scrolls of identify
 m - a scroll of magic mapping
 q - a scroll of blinking
Potions
 e - 3 potions of haste
 f - a potion of lignification
 h - 2 potions of curing
 i - 2 potions of heal wounds
 j - a potion of brilliance


   Skills:
 + Level 7.9 Fighting
 - Level 2.6 Dodging
 - Level 1.7 Stealth
 - Level 6.3 Unarmed Combat


You had 7 spell levels left.
You didn't know any spells.
Your spell library was empty.

Dungeon Overview and Level Annotations

Branches:
Dungeon (5/15)              Sewer (visited)
 Temple: D:4-7

Altars:
Okawaru
Ru
Sif Muna


Innate Abilities, Weirdness & Mutations

You regenerate a little health from kills.
Your movements are less encumbered by armour. (ER -4)
You have a tail ending in a sharp stinger.
Armour fits poorly on your strangely shaped body.


Message History

(D) Dungeon
Where to? (Enter - D:3 @ (x,y), ? - help)
What level of the Dungeon? (default 1, ? - help)
There is an open door here.
There is a stone staircase leading down here.
You climb downwards.
There is a stone staircase leading up here. 2 ogres come into view.
Found 20 stones and a large rock.
Found 27 stones, 4 large rocks and the +6 shillelagh "Devastator" {shatter}.
There are monsters nearby!
Found 10 stones and a large rock.
An ogre is nearby!
Found a large rock.
The helpless ogre fails to defend itself.
You hit the ogre.
The ogre is lightly wounded.
The ogre misses you.
You slash the ogre!
Your tail-slap misses the ogre.
The ogre is heavily wounded.
The ogre shouts!
The ogre hits you with a +0 giant club!
You slice the ogre!!
You kill the ogre!
The ogre hits you with a +0 giant club!
You slash the ogre!
The ogre is heavily wounded.
The ogre hits you with a +0 giant club.
You hit the ogre.
The ogre is heavily wounded.
The ogre hits you with a +0 giant club!!
You are too injured to fight recklessly!
You hit the ogre.
The ogre is heavily wounded.
The ogre hits you with a +0 giant club!!
* * * LOW HITPOINT WARNING * * *
You hit the ogre. You tail-slap the ogre.
The ogre is severely wounded.
The ogre hits you with a +0 giant club!!
You die...

(#.### ...(..
###.8(#.###
#(.(.(..(.# ####
#8.#.).#(.. ##..##
#(.(..((. #....#
######8()(#.#..
#..<.###...##(@O......
##....#.....#.#.8(.#..
#.......##...........
##.............##....
##...####+###+# +##
.....# ..##... ##.
....+ # ##.###


You could see an ogre.

Vanquished Creatures
  Duvessa (D:4)
  3 ogres
  3 kobold brigands (Sewer)
  2 scorpions (D:4)
  3 wights (D:4)
  Dowan (D:4)
  A hound (D:4)
  8 adders
  2 river rats (Sewer)
  3 worms
  7 dart slugs
  11 endoplasms
  4 giant cockroaches
  7 goblins
  7 hobgoblins
  2 quokkas (D:3)
  8 ball pythons
  A bat (D:3)
  2 frilled lizards
  26 kobolds
  20 rats
122 creatures vanquished.

Vanquished Creatures (others)
  A plant (D:2)
1 creature vanquished.

Grand Total: 123 creatures vanquished

Notes
Turn   | Place    | Note
-------+----------+-------------------------------------------
     0 | D:1      | Maxmaps the Demonspawn Monk began the quest for the Orb.
     0 | D:1      | Reached XP level 1. HP: 18/18 MP: 1/1
    51 | D:1      | You fall into a shaft and drop 1 floor!
   238 | D:1      | Gained mutation: Your movements are slightly less
                  | encumbered by armour. (ER -2) [demonic ancestry]
   238 | D:1      | Reached XP level 2. HP: 22/24 MP: 2/2
  1028 | D:2      | Gained mutation: You have a small tail. [demonic ancestry]
  1028 | D:2      | Reached XP level 3. HP: 26/29 MP: 3/3
  1489 | D:2      | Reached XP level 4. HP: 17/35 MP: 4/4
  2039 | D:3      | Found an iron altar of Okawaru.
  2342 | D:4      | Found a shimmering blue altar of Sif Muna.
  2348 | D:4      | Gained mutation: Armour fits poorly on your strangely
                  | shaped body. [potion of mutation]
  2348 | D:4      | Gained mutation: Your mind is acute. (Int +4, Str/Dex -1)
                  | [potion of mutation]
  2348 | D:4      | Lost mutation: Your mind is acute. (Int +4, Str/Dex -1)
                  | [potion of mutation]
  2365 | D:4      | Reached skill level 5 in Unarmed Combat
  2427 | D:4      | Found a glowing drain.
  2501 | D:4      | Gained mutation: You regenerate a little health from kills.
                  | [demonic ancestry]
  2501 | D:4      | Reached XP level 5. HP: 41/41 MP: 5/5
  2510 | Sewer    | Entered a sewer
  2661 | Sewer    | Gained mutation: You have a tail ending in a sharp stinger.
                  | [demonic ancestry]
  2661 | Sewer    | Reached XP level 6. HP: 24/47 MP: 2/6
  2988 | Sewer    | Reached skill level 4 in Fighting
  3107 | D:4      | Reached skill level 5 in Fighting
  3107 | D:4      | Reached XP level 7. HP: 34/56 MP: 3/7
  3322 | D:4      | Found a sacrificial altar of Ru.
  3421 | D:4      | Noticed Dowan
  3422 | D:4      | Noticed Duvessa
  3446 | D:4      | Killed Dowan
  3469 | D:4      | Killed Duvessa
  3470 | D:4      | Reached skill level 6 in Fighting
  3956 | D:4      | Reached skill level 7 in Fighting
  3998 | D:4      | Gained mutation: Your movements are less encumbered by
                  | armour. (ER -4) [demonic ancestry]
  3998 | D:4      | Reached XP level 8. HP: 67/67 MP: 8/8
  4037 | D:5      | Entered Level 5 of the Dungeon
  4048 | D:5      | Found the +6 shillelagh "Devastator" {shatter}
  4057 | D:5      | Demolished by an ogre

Illustrated notes

Levels and vault maps discovered:
D:1:      dpeg_arrival_rhombus, layout_basic
D:2:      layout_basic, serial_forest, infiniplex_forest_lined_2,
          infiniplex_forest_lined_room_, infiniplex_forest_straight_2,
          infiniplex_forest_lined_ring, infiniplex_forest_straight_2,
          infiniplex_forest_join, infiniplex_forest_clump_long,
          infiniplex_forest_zigzag_1, infiniplex_forest_end_3, feat_on_display
D:3:      layout_loops_ring, overflow_temple_1_default,
          mainiacjoe_overflow_alcove_4, dk_noncrumbling_2
D:4:      minmay_octagon_keep, layout_basic, nicolae_ru_path_of_blood,
          kennysheep_mini, cheibrodos_sewer_entry_drain, uniq_duvessa
D:5:      layout_cave_pools, mainiacjoe_overflow_24_doors,
          nicolae_tso_swordbearing_angel, gammafunk_temple_overflow_wave,
          minmay_temple_entry_glass, grunt_ministairs_6,
          dilly_guarded_unrand_devastator

Skill      XL: |  1  2  3  4  5  6  7 |
---------------+----------------------+-----
Unarmed Combat | 3 4 5 6 |  6.3
Fighting       | 5 7 |  7.9
Dodging        | |  2.6
Stealth        | |  1.7

Action                     |  1- 3 |  4- 6 |  7- 9 || total
---------------------------+-------+-------+-------++-------
  Melee: Unarmed           |   142 |    81 |       ||   223
         Punch             |     6 |     3 |       ||     9
         Tailslap          |    10 |    22 |    10 ||    42
         Great sword       |       |   118 |    77 ||   195
  Evoke: Wand              |       |     2 |       ||     2
    Use: Potion            |     1 |     4 |     1 ||     6
         Scroll            |       |    12 |     1 ||    13
   Stab: Sleeping          |     4 |     3 |     3 ||    10
         Distracted        |     1 |       |       ||     1
 Armour: Robe              |    14 |       |       ||    14
         Leather armour    |    20 |     8 |       ||    28
         Ring mail         |       |   195 |    43 ||   238
  Dodge: Dodged            |    77 |   234 |    69 ||   380

Table legend: (Time is in decaauts)
 A = Elapsed time spent in this place.
 B = Non-inter-level travel time spent in this place.
 C = Inter-level travel time spent in this place.
 D = Time resting spent in this place.
 E = Time spent auto-exploring this place.
 F = Levels seen in this place.
 G = Mean time per level.
                   A        B        C        D        E       F      G
               +--------+--------+--------+--------+--------+-----+--------+
         Total |   4193 |   4033 |    160 |     94 |   2753 |   6 |  698.8 |
       Dungeon |   3526 |   3366 |    160 |     94 |   2411 |   5 |  705.2 |
         Sewer |    666 |    666 |      0 |      0 |    342 |   1 |  666.0 |
               +--------+--------+--------+--------+--------+-----+--------+

Top non-repeatable levels by time:
     D:4: 1157 daAuts
     D:1: 929 daAuts
     D:2: 741 daAuts
     D:3: 675 daAuts
   Sewer: 666 daAuts
     D:5: 23 daAuts
